 Dungeon Crawl Stone Soup version 0.17-a0-1970-g7a13dd1 (webtiles) character file.

15201 HungrySpirit the Bludgeoner (level 12, -1/144 HPs)
             Began as an Ogre Artificer on Oct 4, 2015.
             Was an Elder of Okawaru.
             Slain by a river rat (7 damage)
             ... on level 2 of the Lair of Beasts.
             The game lasted 00:26:32 (15596 turns).

HungrySpirit the Bludgeoner (Ogre Artificer)       Turns: 15596, Time: 00:26:32

Health: -1/144     AC:  9    Str: 25    XL:     12   Next: 24%
Magic:  13/13      EV: 10    Int: 11    God:    Okawaru [****..]
Gold:   419        SH:  0    Dex: 10    Spells: 0 memorised, 11 levels left

rFire  . . .     SeeInvis .     j - +2 whip (flame)
rCold  . . .     Clarity  .     b - +0 robe
rNeg   . . .     SustAt   .     (no shield)
rPois  .         Gourm    .     (helmet restricted)
rElec  .         Spirit   .     (no cloak)
rCorr  +         Warding  .     (gloves unavailable)
rMut   .         Rnd*Tele +     (boots unavailable)
MR     +....                    w - amulet of resist corrosion
Stlth  +.........               D - +6 ring of protection
                                o - +4 ring of slaying

@: very slightly contaminated, hasted, very quick, somewhat resistant to hostile
enchantments, very unstealthy
A: unfitting armour, robust 1, strong 1, teleportitis 1, tough skin 1
a: Heroism, Renounce Religion


You were on level 2 of the Lair of Beasts.
You worshipped Okawaru.
Okawaru was greatly pleased with you.
You were not hungry.

You visited 3 branches of the dungeon, and saw 13 of its levels.
You also visited: Sewer and Ice Cave.

You collected 587 gold pieces.
You spent 168 gold pieces at shops.

Inventory:

Hand weapons
 j - a +2 whip of flaming (weapon)
 x - a +0 giant club
 y - a +1 mace
Missiles
 I - 5 large rocks (quivered)
Armour
 b - a +0 robe (worn)
 i - a +1 robe of magic resistance
 F - a +1 helmet
Jewellery
 o - a +4 ring of slaying (left hand)
 t - an uncursed ring of see invisible
 w - an amulet of resist corrosion (around neck)
 A - an uncursed ring of sustain attributes
 D - a +6 ring of protection (right hand)
Magical devices
 c - a wand of flame (12)
 d - a wand of enslavement (15)
 e - a wand of random effects (14)
 q - a wand of hasting (3)
 s - a wand of slowing (10)
 C - a wand of disintegration (18)
Scrolls
 k - a scroll of enchant weapon
 l - a scroll of fog {unknown}
 n - 6 scrolls of teleportation
 r - 2 scrolls of immolation {unknown}
 u - 2 scrolls of amnesia {unknown}
 v - 5 scrolls of identify
 z - 2 scrolls of remove curse
 B - a scroll of vulnerability {unknown}
 J - 2 scrolls of blinking {unknown}
 K - a scroll of enchant armour {unknown}
Potions
 g - 3 potions of flight
 h - a potion of brilliance
 E - a potion of magic
 G - a potion of curing
 H - 3 potions of might
Books
 m - a book of Enchantments

   Spells                             Type                      Level
   a - Cause Fear                     Hexes                        4
   b - Silence                        Hexes/Air                    5
   c - Deflect Missiles               Charms/Air                   6
   d - Haste                          Charms                       6
   e - Discord                        Hexes                        8
Comestibles
 a - 7 meat rations
 f - 4 bread rations
 p - 20 chunks of flesh


   Skills:
 + Level 11.7 Fighting
   Level 0.5 Short Blades
 * Level 18.9 Maces & Flails
 + Level 5.5 Armour
 - Level 1.7 Dodging
 - Level 0.7 Stealth
 - Level 2.4 Evocations


You had 11 spell levels left.
You didn't know any spells.

Dungeon Overview and Level Annotations

Branches:
Dungeon (10/15)            Temple (1/1) D:5            Lair (2/8) D:9
    Orc (0/4) D:9

Altars:
Ashenzari
Cheibriados
Dithmenos
Elyvilon
Fedhas
Gozag
Kikubaaqudgha
Makhleb
Nemelex Xobeh
Okawaru
Qazlal
Ru
Sif Muna
Trog
Vehumet
Xom
Yredelemnul
Zin
The Shining One

Shops:
D:7 *

Annotations:
D:6 George's ghost, novice GrFi


Innate Abilities, Weirdness & Mutations

You are too large for most types of armour.
You have tough skin (AC +1).
You are robust (+10% HP).
Your muscles are strong. (Str +2)
You are occasionally teleported to nearby monsters.


Message History

Evoke which item? (* to show all) (? for menu, Esc to quit)
Zapping:
q - a wand of hasting (4)
Press: ? - help, Shift-Dir - straight line, f - you You feel yourself speed up.
You are very lightly contaminated with residual magic.
This wand has 3 charges left.
The wolf bites you.
* * * LOW HITPOINT WARNING * * *
The wolf misses you. The wolf closely misses you.
The wolf pauses to sniff the ground.
There is an ice choked empty arch of ancient stone, spattered with blood here.
There is an ice covered gate leading back out of this place here.
The wolf bites you!
* * * LOW HITPOINT WARNING * * *
Welcome back to the Lair of Beasts!
The river rat bites you.
* * * LOW HITPOINT WARNING * * *
The river rat bites you.
* * * LOW HITPOINT WARNING * * *
The river rat bites you!
You die...

##..........#
#P..........##
.............# #
#..........#. #.
#..........r.
.##.#..........#
+....P.#........r
#...rrh.....##.
##.#r@r#...r# #+
#..rF...#.## .##
##..#...### ..
#....### #.
...... #.
#....... #รท #...
... ######. #...
.... #).....
.##......


You could see a wolf, a giant frog and 5 river rats.

Vanquished Creatures
  3 hydras
  Erolcha (D:8)
  Pikel (D:5)
  The ghost of Alipheese the Destroyer, a novice NaWz (D:5)
  A centaur skeleton (D:8)
  3 komodo dragons (Lair:1)
  A polar bear (IceCv)
  Grinder (D:6)
  A deep elf mage (D:9)
  3 blink frogs (Lair:1)
  Sigmund (D:6)
  34 yaks
  A hippogriff (Lair:1)
  3 wargs (D:9)
  A water moccasin (Lair:1)
  A porcupine (Lair:1)
  3 sky beasts
  2 ice beasts
  2 black bears
  5 orc warriors
  2 ogres
  4 centaurs
  A crocodile (Lair:1)
  Blork the orc (D:6)
  4 giant frogs
  4 big kobolds
  A water moccasin zombie (D:8)
  A wyvern skeleton (D:6)
  6 orc priests
  4 crimson imps
  A jelly (D:10)
  7 worker ants
  2 giant frog skeletons
  9 orc wizards
  3 hounds
  Terence (D:2)
  An iguana (D:4)
  4 sheep (Lair:2)
  2 worker ant zombies
  A river rat (Sewer)
  18 adders
  3 shadow imps (D:9)
  An ooze (D:3)
  7 worms
  An adder zombie (D:8)
  3 giant geckos
  31 orcs
  10 bats
  4 giant cockroaches
  9 goblins
  10 hobgoblins
  10 jackals
  14 kobolds
  A quokka (D:3)
  4 ball pythons
  A giant newt (D:2)
  2 quokka zombies
  17 rats
274 creatures vanquished.

Vanquished Creatures (others)
  A water moccasin (D:6)
  2 slaves (D:6)
  A phantom (D:6)
  A giant frog (D:6)
  A giant frog skeleton (D:6)
  An iguana (D:6)
  A fungus (Lair:1)
  3 plants (Lair:1)
11 creatures vanquished.

Grand Total: 285 creatures vanquished

Notes
Turn   | Place    | Note
--------------------------------------------------------------
     0 | D:1      | HungrySpirit the Ogre Artificer began the quest for the Orb.
     0 | D:1      | Reached XP level 1. HP: 19/19 MP: 2/2
   284 | D:1      | Reached skill level 1 in Maces & Flails
   432 | D:1      | Reached XP level 2. HP: 28/28 MP: 3/3
   913 | D:1      | Reached skill level 3 in Maces & Flails
   970 | D:1      | Reached XP level 3. HP: 35/35 MP: 4/4
  1406 | D:2      | Noticed Terence
  1422 | D:2      | Killed Terence
  1422 | D:2      | Reached skill level 4 in Maces & Flails
  1422 | D:2      | Reached XP level 4. HP: 6/42 MP: 5/5
  1913 | D:2      | Reached skill level 5 in Maces & Flails
  2385 | D:2      | Reached XP level 5. HP: 45/49 MP: 6/6
  3060 | D:3      | Reached skill level 6 in Maces & Flails
  3257 | D:3      | Found a snail-covered altar of Cheibriados.
  3376 | D:3      | Reached skill level 7 in Maces & Flails
  3615 | D:3      | Found a white marble altar of Elyvilon.
  3634 | D:3      | Found a shadowy altar of Dithmenos.
  3696 | D:3      | Found a shimmering altar of Xom.
  3835 | D:3      | Reached XP level 6. HP: 57/57 MP: 7/7
  4240 | D:3      | Gained mutation: You are occasionally teleported to nearby monsters. [potion of mutation]
  4240 | D:3      | Gained mutation: Your muscles are strong. (Str +2) [potion of mutation]
  4240 | D:3      | Gained mutation: You are robust (+10% HP). [potion of mutation]
  4428 | D:4      | Reached skill level 8 in Maces & Flails
  4806 | D:4      | Reached XP level 7. HP: 63/69 MP: 8/8
  4903 | D:4      | Reached skill level 9 in Maces & Flails
  4905 | D:4      | Found a glowing silver altar of Zin.
  5092 | D:4      | Found a glowing drain.
  5129 | Sewer    | Entered a sewer
  5627 | Sewer    | Reached skill level 10 in Maces & Flails
  6016 | D:5      | Entered Level 5 of the Dungeon
  6398 | D:5      | Found a staircase to the Ecumenical Temple.
  6540 | D:5      | Noticed Alipheese's ghost (novice NaWz)
  6554 | D:5      | Killed Alipheese's ghost
  6554 | D:5      | Reached skill level 12 in Maces & Flails
  6554 | D:5      | Reached XP level 8. HP: 50/79 MP: 9/9
  6778 | D:6      | Noticed Pikel
  6903 | D:5      | Killed Pikel
  6903 | D:5      | Reached skill level 13 in Maces & Flails
  6903 | D:5      | Reached XP level 9. HP: 64/93 MP: 10/10
  7297 | D:6      | Noticed Sigmund
  7299 | D:6      | Noticed Grinder
  7301 | D:6      | Noticed Blork the orc
  7310 | D:6      | Killed Sigmund
  7310 | D:6      | Reached skill level 5 in Fighting
  7310 | D:6      | Paralysed by Grinder for 4 turns
  7323 | D:6      | Killed Grinder
  7344 | D:6      | Killed Blork the orc
  7344 | D:6      | Reached skill level 14 in Maces & Flails
  7726 | D:6      | Noticed George's ghost (novice GrFi)
  8839 | D:7      | Found Sagey's Assorted Antiques.
  8855 | D:7      | Bought a scroll labeled NAMANE BUALARENK for 28 gold pieces
  8855 | D:7      | Bought a diamond ring for 140 gold pieces
  9392 | D:8      | Noticed a centaur skeleton
  9402 | D:8      | Killed a centaur skeleton
  9402 | D:8      | Reached skill level 15 in Maces & Flails
  9402 | D:8      | Reached XP level 10. HP: 109/112 MP: 11/11
  9612 | D:8      | Reached skill level 1 in Armour
 10240 | D:8      | Noticed Erolcha
 10258 | D:8      | Killed Erolcha
 10258 | D:8      | Reached skill level 16 in Maces & Flails
 10963 | D:9      | Found a staircase to the Lair.
 11305 | D:9      | Found a staircase to the Orcish Mines.
 11750 | D:9      | Reached XP level 11. HP: 75/126 MP: 12/12
 12082 | Temple   | Entered the Ecumenical Temple
 12127 | Temple   | Became a worshipper of Warmaster Okawaru
 12312 | D:10     | Entered Level 10 of the Dungeon
 12320 | D:10     | Reached skill level 17 in Maces & Flails
 12535 | D:9      | Noticed a seven-headed hydra
 12769 | D:8      | Reached skill level 10 in Fighting
 13201 | D:9      | Killed a seven-headed hydra
 13228 | D:9      | Acquired Okawaru's first power
 13651 | Lair:1   | Entered Level 1 of the Lair of Beasts
 14521 | Lair:1   | Reached skill level 18 in Maces & Flails
 14873 | Lair:1   | Noticed a five-headed hydra
 14875 | Lair:1   | Killed a five-headed hydra
 14875 | Lair:1   | Reached skill level 5 in Armour
 15097 | Lair:1   | Noticed an eight-headed hydra
 15124 | Lair:1   | Killed an eight-headed hydra
 15124 | Lair:1   | Reached XP level 12. HP: 143/143 MP: 13/13
 15475 | Lair:2   | Found a frozen archway.
 15480 | IceCv    | Entered an ice cave
 15596 | Lair:2   | HP: 6/144 [river rat (4)]
 15596 | Lair:2   | Slain by a river rat

Vault maps used:
D:1:      shiori_shiawase
D:2:      grunt_ministairs_15, uniq_terence
D:3:      nicolae_overflow_quartered_altars
D:4:      zin_academy, portal_sewer_entry_b
D:5:      minmay_temple_entry_trees, first_bread
D:6:      uniq_pikel, uniq_blork_the_orc, uniq_grinder, uniq_sigmund
D:7:      serial_shops, shop
D:8:      uniq_erolcha
D:9:      erik_lair_orcish_takeover, david_orc_3
D:10:     hangedman_pestilent_swarm, grunt_ministairs_6, hex_large
Temple:   water_room_temple_a_12
Lair:1:   minmay_stone_trees_small, serial_bayou_lagoon_b
Lair:2:   portal_ice_cave_entry_pillars_01, uniq_gastronok
Sewer:    sewer_co_15_rooms
IceCv:    ice_cave_small_giant

Action                   |  1- 3 |  4- 6 |  7- 9 | 10-12 || total
-------------------------+-------+-------+-------+-------++-------
Melee: Whip              |   107 |   105 |   152 |   637 ||  1001
       Short sword       |     8 |       |       |       ||     8
       Mace              |       |    48 |   142 |       ||   190
       Giant club        |       |       |     7 |       ||     7
Throw: Large rock        |       |       |       |    39 ||    39
Invok: Heroism           |       |       |       |     2 ||     2
Evoke: Wand              |       |       |     5 |     6 ||    11
  Use: Scroll            |       |     8 |     3 |     5 ||    16
       Potion            |       |     3 |     9 |     1 ||    13
 Stab: Sleeping          |       |     2 |     2 |     4 ||     8
  Eat: Chunk             |     2 |    10 |    10 |    14 ||    36
       Bread ration      |       |       |     1 |     1 ||     2
       Beef jerky        |       |       |     1 |     1 ||     2
